 Dungeon Crawl Stone Soup version 0.31-a0-949-g57150269e1 (webtiles) character file.

Game seed: 12920578783078344485

4900 skwerlee the Cleaver (level 10, -2/79 HPs)
             Began as a Demonspawn Berserker on Oct 22, 2023.
             Was a High Priest of Trog.
             Slain by a gnoll sergeant
             ... wielding a +4 spear of freezing
              (9 damage)
             ... on level 9 of the Dungeon.
             The game lasted 00:30:57 (8501 turns).

skwerlee the Cleaver (Demonspawn Berserker)         Turns: 8501, Time: 00:30:57

Health: -2/79      AC: 20    Str: 23    XL:     10   Next: 27%
Magic:  10/10      EV:  8    Int:  8    God:    Trog [*****.]
Gold:   369        SH:  0    Dex: 12    Spells: 9/9 levels left

rFire   . . .        E - +0 battleaxe
rCold   . . .        (shield currently unavailable)
rNeg    + . .        F - +0 plate armour
rPois   .            i - +2 hat
rElec   .            p - +0 cloak
rCorr   .            B - +2 pair of gloves
SInv    .            (no boots)
Will    +....        (no amulet) Stlth
                     g - ring of positive energy
HPRegen 0.33/turn    k - ring of willpower
MPRegen 0.12/turn

%: no passive effects
@: no status effects
A: molten scales 1, demonic magic 2, weakness stinger 1
a: Renounce Religion, Berserk, Trog's Hand, Brothers in Arms


You were on level 9 of the Dungeon.
You worshipped Trog.
Trog was extremely pleased with you.
You visited 1 branch of the dungeon, and saw 9 of its levels.
You also visited: Sewer.

You collected 369 gold pieces.

Inventory:

Hand Weapons
 a - a +0 hand axe
 E - a +0 battleaxe (weapon)
Armour
 b - a +0 animal skin
 i - a +2 hat (worn)
 o - a +0 pair of gloves
 p - a +0 cloak (worn)
 B - a +2 pair of gloves (worn)
 F - a +0 plate armour (worn)
Jewellery
 g - a ring of positive energy (left hand)
 k - a ring of willpower (right hand)
 J - a ring of fire
Wands
 D - a wand of polymorph (13)
 G - a wand of paralysis (17)
 L - a wand of mindburst (3)
Scrolls
 c - 6 scrolls of fear
 d - 5 scrolls of identify
 m - 3 scrolls of blinking
 r - a scroll of poison {unknown}
 s - 3 scrolls of revelation
 t - 2 scrolls of enchant armour {unknown}
 u - a scroll of acquirement {unknown}
 w - a scroll of noise {unknown}
 y - 5 scrolls of butterflies
 H - 3 scrolls of teleportation
 M - 2 scrolls of enchant weapon {unknown}
 N - a scroll of brand weapon {unknown}
Potions
 e - 2 potions of lignification {unknown}
 f - a potion of enlightenment {unknown}
 h - 2 potions of might
 j - 4 potions of heal wounds
 l - a potion of attraction {unknown}
 n - a potion of degeneration {unknown}
 q - 3 potions of curing {unknown}
 v - a potion of ambrosia {unknown}
 x - a potion of mutation {unknown}
 z - a potion of resistance {unknown}
 A - a potion of cancellation {unknown}
 C - a potion of haste {unknown}
 I - a potion of berserk rage {unknown}
 K - a potion of invisibility {unknown}


   Skills:
 + Level 7.0 Fighting
 + Level 11.4 Axes
 + Level 4.7 Armour
 + Level 4.4 Dodging


You had 9 spell levels left.
You didn't know any spells.
Your spell library was empty.

Dungeon Overview and Level Annotations

Branches:
Dungeon (9/15)             Temple (0/1) D:5           Sewer (visited)
   Lair: D:8-11         Orc: D:9-12

Altars:
Dithmenos
Okawaru
Wu Jian

Annotations:
D:9 1 transporter


Innate Abilities, Weirdness & Mutations

You are partially covered in molten scales. (AC +2)
Spells you cast may paralyse nearby enemies.
You have a small tail.


Message History

The gnoll sergeant hits you but does no damage.
The kobold brigand hits you but does no damage.
You are too injured to fight recklessly!
Unknown command.
You slash the kobold brigand!
Your tail-slap misses the kobold brigand.
The kobold brigand is almost dead.
The gnoll closely misses you.
The kobold brigand hits you but does no damage.
The gnoll sergeant hits you but does no damage.
The gnoll barely misses you.
You miss the kobold brigand.
Your tail-slap misses the kobold brigand.
The kobold brigand is almost dead.
The kobold brigand hits you but does no damage.
The gnoll sergeant hits you but does no damage.
The gnoll barely misses you.
The kobold brigand hits you but does no damage.
The gnoll sergeant barely misses you.
You closely miss the kobold brigand.
The kobold brigand is almost dead.
The gnoll hits you from afar with a +0 spear.
* * * LOW HITPOINT WARNING * * *
The gnoll sergeant hits you but does no damage.
The kobold brigand hits you but does no damage.
You are too injured to fight recklessly!
Unknown command.
You hit the kobold brigand but do no damage.
The kobold brigand is almost dead.
The gnoll hits you from afar with a +0 spear.
* * * LOW HITPOINT WARNING * * *
The gnoll sergeant barely misses you.
The kobold brigand completely misses you.
Unknown command.
You hit the kobold brigand.
You kill the kobold brigand!
Trog accepts your kill. The gnoll hits you but does no damage.
The gnoll sergeant hits you from afar with a +4 spear of freezing!
You die...

........#
#......)).'.##........
'########
#.........####.....>..
.## ######'####
#........ ..# #..)...#
#####+### #'#####
##)####### ......#
###))).....# ......#
#..........### ......#
#.#...g))....#
......#...#...g.@..#.#
......+.# #........#
......## #........#
......# #........#
......# ###.######
......# #. ####### #.
## .######


You could see a gnoll sergeant and a gnoll.

Vanquished Creatures
  Prince Ribbit (D:5)
  Sigmund (D:4)
  A shadow (D:9)
  A wraith (D:9)
  4 yaks (D:8)
  3 steam dragons
  An acid dragon (D:9)
  2 orc warriors
  An ice beast (D:5)
  2 sky beasts
  2 ogres
  3 centaurs
  A phantom (D:5)
  A bullfrog (D:6)
  5 kobold brigands
  A scorpion (D:7)
  8 wights (D:8)
  A howler monkey (D:6)
  7 crimson imps (D:7)
  A gnoll bouda (D:7)
  2 hounds
  7 orc priests
  A jelly (D:6)
  Ijyb (D:4)
  5 iguanas
  9 orc wizards
  Terence (D:3)
  7 gnolls
  10 adders
  7 river rats (Sewer)
  3 shadow imps
  3 white imps
  2 ufetubi (D:7)
  3 worms
  29 orcs
  2 bats
  3 endoplasms
  2 giant cockroaches
  3 goblins
  6 hobgoblins
  7 jackals (D:1)
  A quokka (D:4)
  13 ball pythons
  3 frilled lizards
  31 kobolds
  26 rats
234 creatures vanquished.

Notes
Turn   | Place    | Note
-------+----------+-------------------------------------------
     0 | D:1      | skwerlee the Demonspawn Berserker began the quest for the
                  | Orb.
     0 | D:1      | Reached XP level 1. HP: 18/18 MP: 1/1
   249 | D:1      | Reached skill level 3 in Axes
   251 | D:1      | Gained mutation: You are partially covered in molten
                  | scales. (AC +2) [demonic ancestry]
   251 | D:1      | Reached XP level 2. HP: 23/24 MP: 2/2
  1256 | D:2      | Reached XP level 3. HP: 29/29 MP: 3/3
  2010 | D:3      | Reached ** piety under Trog
  2266 | D:3      | Noticed Terence
  2277 | D:3      | Killed Terence
  2278 | D:3      | Reached skill level 4 in Axes
  2278 | D:3      | Gained mutation: Spells you cast may paralyse adjacent
                  | enemies. [demonic ancestry]
  2278 | D:3      | Reached XP level 4. HP: 29/35 MP: 4/4
  2558 | D:3      | Identified the +6 dagger of Lies {heavy, rPois Dex-3
                  | Stlth+}
  2594 | D:3      | Found a shadowy altar of Dithmenos.
  2904 | D:4      | Noticed an ogre
  2912 | D:4      | Killed an ogre
  2913 | D:4      | Reached XP level 5. HP: 27/42 MP: 5/5
  3245 | D:4      | Found a glowing drain.
  3363 | Sewer    | Entered a sewer
  3388 | Sewer    | Reached skill level 5 in Axes
  3636 | Sewer    | Reached XP level 6. HP: 48/48 MP: 6/6
  3762 | Sewer    | Reached *** piety under Trog
  4292 | D:4      | Noticed Ijyb
  4317 | D:4      | Killed Ijyb
  4453 | D:4      | Noticed Sigmund
  4459 | D:4      | Killed Sigmund
  4460 | D:4      | Reached skill level 6 in Axes
  4460 | D:4      | Gained mutation: You have a small tail. [demonic ancestry]
  4460 | D:4      | Reached XP level 7. HP: 55/55 MP: 7/7
  4516 | D:5      | Entered Level 5 of the Dungeon
  4665 | D:5      | Identified the -2 pair of gloves "Vicriu" {Int+4}
  4849 | D:5      | Noticed Prince Ribbit
  4857 | D:5      | Reached skill level 7 in Axes
  4865 | D:5      | Killed Prince Ribbit
  4866 | D:5      | Reached skill level 5 in Fighting
  4866 | D:5      | Reached XP level 8. HP: 55/62 MP: 8/8
  4933 | D:5      | Found a staircase to the Ecumenical Temple.
  5326 | D:6      | Reached skill level 8 in Axes
  5336 | D:6      | Reached **** piety under Trog
  5471 | D:6      | Found an iron altar of Okawaru.
  6143 | D:7      | Gained mutation: Spells you cast may paralyse nearby
                  | enemies. [demonic ancestry]
  6143 | D:7      | Reached XP level 9. HP: 53/68 MP: 9/9
  6316 | D:7      | Reached skill level 9 in Axes
  6870 | D:8      | Reached ***** piety under Trog
  7011 | D:8      | Reached skill level 10 in Axes
  7012 | D:8      | Found an ornate altar of the Wu Jian Council.
  7458 | D:8      | Reached XP level 10. HP: 77/77 MP: 10/10
  7889 | D:9      | Found a transporter.
  7921 | D:9      | Reached skill level 11 in Axes
  8501 | D:9      | Slain by a gnoll sergeant

Illustrated notes

Levels and vault maps discovered:
D:1:      dpeg_arrival_court, layout_loops_ring
D:2:      layout_loops_ring
D:3:      layout_loops_cross, nicolae_dithmenos_through_a_glass_darkly,
          hangedman_decor_clover_reticule, uniq_terence
D:4:      layout_basic, mainiacjoe_overflow_boulevard, gup_sewer_entry_bowl,
          uniq_sigmund, uniq_ijyb
D:5:      layout_rooms, minmay_temple_entry_junction, uniq_prince_ribbit1
D:6:      layout_rooms, okawaru_ov_weapons_minmay, serial_rivers,
          chequers_serial_rivers_micro_b, chequers_serial_rivers_small_3,
          chequers_serial_rivers_micro_d, chequers_serial_rivers_small_3
D:7:      layout_basic, minmay_nine_imps
D:8:      layout_loops_ring, nicolae_overflow_crystal_walls
D:9:      layout_roguey, gammafunk_ghost_stat_death

Skill      XL: |  1  2  3  4  5  6  7  8  9 10 |
---------------+-------------------------------+-----
Axes           | 3 4 5 6 7 8 10 11 | 11.4
Dodging        | 2 3 4 |  4.4
Fighting       | 4 5 6 7 |  7.0
Armour         | 2 3 4 |  4.7

Action                     |  1- 3 |  4- 6 |  7- 9 | 10-12 || total
---------------------------+-------+-------+-------+-------++-------
  Melee: Hand axe          |   120 |   225 |    27 |       ||   372
         Punch             |       |     3 |     1 |       ||     4
         Battleaxe         |       |       |   307 |    74 ||   381
         Tailslap          |       |       |    34 |    11 ||    45
 Invoke: Berserk           |     3 |     3 |     6 |       ||    12
    Use: Scroll            |     2 |     2 |     3 |       ||     7
   Stab: Sleeping          |     2 |     1 |       |       ||     3
         Distracted        |       |     1 |       |       ||     1
 Armour: Animal skin       |    77 |   113 |    17 |       ||   207
         Plate armour      |       |       |   392 |   122 ||   514
  Dodge: Dodged            |    78 |   162 |   176 |    34 ||   450

Table legend: (Time is in decaauts)
 A = Elapsed time spent in this place.
 B = Non-inter-level travel time spent in this place.
 C = Inter-level travel time spent in this place.
 D = Time resting spent in this place.
 E = Time spent auto-exploring this place.
 F = Levels seen in this place.
 G = Mean time per level.
                   A        B        C        D        E       F      G
               +--------+--------+--------+--------+--------+-----+--------+
         Total |   8738 |   8663 |     75 |   2521 |   4253 |  10 |  873.8 |
       Dungeon |   7840 |   7765 |     75 |   2234 |   3914 |   9 |  871.1 |
         Sewer |    898 |    898 |      0 |    287 |    339 |   1 |  898.0 |
               +--------+--------+--------+--------+--------+-----+--------+

Top non-repeatable levels by time:
     D:1: 1256 daAuts
     D:8: 1224 daAuts
     D:3: 957 daAuts
   Sewer: 898 daAuts
     D:4: 783 daAuts
     D:5: 757 daAuts
     D:6: 751 daAuts
     D:2: 718 daAuts
     D:9: 708 daAuts
     D:7: 684 daAuts
